 Dungeon Crawl Stone Soup version 0.30.1-5-ged363bc7ee (webtiles) character file.

Game seed: 14688925641062462647

67 ChiefBigBeans the Shield-Bearer (level 4, -2/37 HPs)
             Began as a Formicid Fighter on Sept 19, 2023.
             Was an Initiate of Gozag.
             Slain by a gnoll
             ... wielding a +0 whip
              (6 damage)
             ... on level 3 of the Dungeon.
             The game lasted 00:03:48 (1773 turns).

ChiefBigBeans the Shield-Bearer (Formicid Fighter)  Turns: 1773, Time: 00:03:48

Health: -2/37      AC:  7    Str: 21    XL:     4   Next: 40%
Magic:  4/4        EV:  9    Int:  7    God:    Gozag
Gold:   1206       SH:  5    Dex: 15    Spells: 3/3 levels left

rFire   . . .        a - +0 long sword
rCold   . . .        c - +0 buckler
rNeg    . . .        b - +0 scale mail
rPois   .            (helmet unavailable)
rElec   .            (no cloak)
rCorr   .            (no gloves)
SInv    +            (no boots)
Will    .....        (no amulet) Stlth
                     (no ring)
HPRegen 0.26/turn    (no ring)
MPRegen 0.09/turn

%: no passive effects
@: gold aura
A: permanent stasis, dig shafts and tunnels, antennae 3, four strong arms
a: Dig, Shaft Self, Renounce Religion, Potion Petition, Call Merchant, Bribe
Branch


You were on level 3 of the Dungeon.
You worshipped Gozag.
Gozag was most pleased with you.
You visited 1 branch of the dungeon, and saw 3 of its levels.

You collected 1229 gold pieces.
You paid 23 gold pieces to Gozag.

Inventory:

Hand Weapons
 a - a +0 long sword (weapon)
Armour
 b - a +0 scale mail (worn)
 c - a +0 buckler (worn)
Jewellery
 f - a ring of positive energy
 j - a ring of fire
Scrolls
 e - 2 scrolls of amnesia
 i - a scroll of enchant weapon
Potions
 d - 2 potions of might
 g - a potion of brilliance {unknown}
 h - a potion of curing {unknown}


   Skills:
 + Level 3.9 Fighting
 + Level 2.7 Long Blades
 + Level 3.9 Armour
 + Level 4.7 Shields


You had 3 spell levels left.
You didn't know any spells.
Your spell library was empty.

Dungeon Overview and Level Annotations

Branches:
Dungeon (3/15)

Altars:
Gozag
Trog

Annotations:
D:2 1 runed translucent door, Crazy Yiuf
D:3 1 transporter, Cheops's ghost, amateur MfSu


Innate Abilities, Weirdness & Mutations

You cannot be hasted, slowed, berserked, paralysed or teleported.
You can dig through walls and to a lower floor.
You have a pair of large antennae on your head. (SInv)
Your four strong arms can wield two-handed weapons with a shield.


Message History

You barely miss the gnoll. You hit the gnoll.
The gnoll is moderately wounded.
The gnoll hits you with a +0 whip.
* * * LOW HITPOINT WARNING * * *
The gnoll hits you but does no damage.
You hit the gnoll but do no damage.
The gnoll is moderately wounded.
The gnoll misses you. The gnoll closely misses you.
The gnoll hits you with a +0 whip.
* * * LOW HITPOINT WARNING * * *
The gnoll attacks as you move away! The gnoll misses you.
You block the gnoll's attack.
You barely miss the gnoll. The gnoll hits you with a +0 whip.
* * * LOW HITPOINT WARNING * * *
You barely miss the gnoll.
The gnoll is moderately wounded.
You block the gnoll's attack.
You barely miss the gnoll.
The gnoll is moderately wounded.
The gnoll hits you but does no damage.
You hit the gnoll.
The gnoll is severely wounded.
The gnoll hits you with a +0 club.
* * * LOW HITPOINT WARNING * * *
The gnoll hits you with a +0 club.
* * * LOW HITPOINT WARNING * * *
You hit the gnoll but do no damage.
The gnoll is severely wounded.
The gnoll hits you with a +0 club.
* * * LOW HITPOINT WARNING * * *
You hit the gnoll but do no damage.
The gnoll is severely wounded.
The gnoll hits you with a +0 club.
* * * LOW HITPOINT WARNING * * *
You slash the gnoll!
You kill the gnoll!
The gnoll hits you with a +0 whip.
You die...
Your body crumbles into a pile of gold.

####.........# #...#
........###..####.###
###.#...# #.......#
.....<#.###..######
###...#..g..g#
#......#.##g#
.[........##.#
.......#####g#
###...# #@# ###. #.#
#. #.# #. ..# ###


You could see 3 gnolls.

Vanquished Creatures
  2 gnolls
  An adder (D:3)
  2 dart slugs (D:1)
  7 bats
  2 endoplasms
  2 giant cockroaches (D:1)
  A goblin (D:1)
  5 hobgoblins (D:1)
  6 kobolds
  6 ball pythons (D:1)
  5 frilled lizards (D:1)
  6 rats
  A spectral goblin (D:1)
46 creatures vanquished.

Notes
Turn   | Place    | Note
-------+----------+-------------------------------------------
     0 | D:1      | ChiefBigBeans the Formicid Fighter began the quest for the
                  | Orb.
     0 | D:1      | Reached XP level 1. HP: 18/18 MP: 1/1
   118 | D:1      | Reached XP level 2. HP: 23/24 MP: 2/2
   300 | D:1      | Reached XP level 3. HP: 29/29 MP: 3/3
   472 | D:1      | Found a faded altar of an unknown god.
   686 | D:1      | Reached XP level 4. HP: 37/37 MP: 4/4
  1121 | D:2      | Found a runed translucent door.
  1122 | D:2      | Noticed Crazy Yiuf
  1257 | D:2      | Found an opulent altar of Gozag.
  1291 | D:2      | Became a worshipper of Gozag Ym Sagoz the Greedy
  1550 | D:2      | Identified a scroll of acquirement
  1550 | D:2      | Acquired 1094 gold pieces
  1683 | D:3      | Found a transporter.
  1688 | D:3      | Noticed Cheops's ghost (amateur MfSu)
  1700 | D:3      | Found a bloodstained altar of Trog.
  1773 | D:3      | Slain by a gnoll

Illustrated notes

Levels and vault maps discovered:
D:1:      dpeg_arrival_simpleton_b, layout_loops_ring,
          dreamdust_ecumenical_altar_drowned_temple, st_stairs_4
D:2:      layout_loops_cross, basic_altar, uniq_crazy_yiuf_cottage
D:3:      layout_loops_ring, mainiacjoe_overflow_cross_hatched,
          gammafunk_ghost_stat_death

Action                     |  1- 3 |  4- 6 || total
---------------------------+-------+-------++-------
  Melee: Long sword        |   119 |    53 ||   172
    Use: Scroll            |       |     4 ||     4
         Potion            |       |     1 ||     1
 Armour: Scale mail        |    62 |    27 ||    89
  Dodge: Dodged            |    47 |    28 ||    75
  Block: Buckler           |    33 |    22 ||    55
